 Dungeon Sprint DCSS version 0.27-a0-1139-g28e009f8a6 (webtiles) character file.

Game seed: 9000291808099820835

8450 mhtbhm the Sorcerer (level 11, -1/60 HPs)
             Began as a Deep Elf Earth Elementalist on May 7, 2021.
             Was the Champion of Vehumet.
             Slain by a boulder beetle (29 damage)
             ... in the Dungeon (Sprint VII: "The Pits").
             The game lasted 00:06:35 (2609 turns).

mhtbhm the Sorcerer (Deep Elf Earth Elementalist)   Turns: 2609, Time: 00:06:36

Health: -1/60      AC:  3    Str:  8    XL:     11   Next: 10%
Magic:  23/38      EV: 15    Int: 27    God:    Vehumet [******]
Gold:   0          SH:  0    Dex: 15    Spells: 39/52 levels left

rFire    . . .     SeeInvis .   a - +2 halberd (protect)
rCold    . . .     Faith    .   (shield currently unavailable)
rNeg     . . .     Spirit   .   c - +0 robe
rPois    .         Reflect  .   s - +0 helmet
rElec    .         Harm     .   (no cloak)
rCorr    .         Rampage  .   (no gloves)
Will     +....     NoTele   +   (no boots)
Stlth    ++........             (no amulet)
HPRegen  0.20/turn              n - +3 ring of intelligence
MPRegen  0.26/turn              o - +3 ring of strength

@: no status effects
A: no striking features
a: Renounce Religion


You were in the Dungeon.
You worshipped Vehumet.
Vehumet was exalted by your worship.
You visited 1 branch

Inventory:

Hand Weapons
 a - a +2 halberd of protection (weapon)
Missiles
 b - 20 stones
 i - 7 poisoned darts
Armour
 c - a +0 robe (worn)
 s - a +0 helmet (worn)
Jewellery
 n - a +3 ring of intelligence (left hand)
 o - a +3 ring of strength (right hand)
Wands
 e - a wand of digging (7)
Scrolls
 j - 5 scrolls of amnesia
Potions
 d - 6 potions of curing
 f - 2 potions of haste
 g - 3 potions of magic
 h - 3 potions of berserk rage
 m - a potion of invisibility
 p - 2 potions of brilliance
 q - 2 potions of might
 r - 2 potions of mutation


   Skills:
 + Level 3.5 Fighting
 + Level 7.4 Dodging
 - Level 3.2 Stealth
 + Level 21.4 Spellcasting
 + Level 3.1 Conjurations
 + Level 1.7 Transmutations
 + Level 18.9 Earth Magic


You had 39 spell levels left.
You knew the following spells:

 Your Spells              Type           Power      Damage    Failure   Level
a - Sandblast             Erth           100%       2d20      0%          1
b - Stone Arrow           Conj/Erth      100%       3d13      1%          3
c - Petrify               Tmut/Erth      71%        N/A       1%          4
d - Lee's Rapid Deconstr  Erth           46%        3d23*     0%          5

Your spell library contained the following spells:

 Spells                   Type           Power      Damage    Failure   Level
 Eringya's Noxious Bog    Tmut/Pois      16%        N/A       32%         6
 Passwall                 Tmut/Erth      59%        N/A       1%          2


Dungeon Overview and Level Annotations

Branches:
Dungeon (1/1)

Altars:
Ashenzari
Cheibriados
Dithmenos
Elyvilon
Fedhas
Gozag
Hepliaklqana
Kikubaaqudgha
Makhleb
Nemelex Xobeh
Okawaru
Qazlal
Ru
Sif Muna
Trog
Uskayaw
Vehumet
Wu Jian
Xom
Yredelemnul
Zin
The Shining One
Beogh
Jiyva
Lugonu


Message History

You kill the orc warrior!
Vehumet accepts your kill.
You feel your power returning.
The frilled lizard hisses angrily.
You hear an angry hiss.
You hear a shout!
An orc high priest comes into view. It is wielding a +0 hand axe.
The orc priest begins to cast a cantrip, but forgets the words!
Unknown command.
Unknown command.
An orc warrior comes into view. It is wielding a +0 mace.
Casting: Lee's Rapid Deconstruction (safe; 0% risk of failure)
Confirm with . or Enter, or press ? or * to list all spells.
Aiming: Lee's Rapid Deconstruction (safe; 0% risk of failure)
Press: ? - help, Dir - move target, f - boulder beetle Fragment what (e.g. wall or brittle monster)?: a boulder beetle (rolling)
An open door.
The stone door frame shatters!
The blast of rock fragments hits the boulder beetle but does no damage.
You hear a shout!
A basilisk comes into view.
The boulder beetle hits you!!
Ouch! That really hurt!
The boulder beetle stops rolling and uncurls.
An orc warrior comes into view. It is wielding a +0 hand axe.
Unknown command.
Unknown command.
Casting: Lee's Rapid Deconstruction (safe; 0% risk of failure)
Confirm with . or Enter, or press ? or * to list all spells.
Aiming: Lee's Rapid Deconstruction (safe; 0% risk of failure)
Press: ? - help, Dir - move target, p - boulder beetle A metal wall.
The metal wall shatters!
The blast of metal fragments hits the boulder beetle!!
The boulder beetle is moderately wounded.
The blast of metal fragments hits the orc!!
You kill the orc!
Vehumet accepts your kill.
You feel your power returning.
The basilisk hisses angrily.
The boulder beetle bites you!!
You die...

#### ### ########### ..#
#.........# ° ..#
##.......## .# .##
####...######## ##... ##
###..'...+..##..##.○...
.###....##'##.....##......
..#....##...##)...#.m.lo..
.†'....'.....'..@B°)lo..oo
..#)...##...##....#hoo....
.###....##)##.....##.T....
## ###..+.).+..##..##.....
)## ####...######## ##..o
..# #.......# g# ..#
#.........# . ###
###########


You could see a boulder beetle, an orc high priest, a merfolk, a polar bear, a
troll, a basilisk, 3 orc warriors and a frilled lizard.

Vanquished Creatures
  A merfolk avatar (D)
  An anaconda (D)
  A flayed ghost (D)
  A sea snake (D)
  A lindwurm (D)
  An elephant (D)
  2 black mambas (D)
  Joseph (D)
  A molten gargoyle (D)
  An unseen horror (D)
  2 kobold demonologists (D)
  2 demonic crawlers (D)
  A hellwing (D)
  A red devil (D)
  A flying skull (D)
  A shadow (D)
  A tarantella (D)
  A wyvern (D)
  6 vampire mosquitoes (D)
  An orc warrior (D)
  A sky beast (D)
  A centaur (D)
  4 phantoms (D)
  A kobold brigand (D)
  3 wights (D)
  A hound (D)
  An iron imp (D)
  A gnoll (D)
  3 ufetubi (D)
  An orc (D)
  A bat (D)
  2 endoplasms (D)
  A giant cockroach (D)
  2 goblins (D)
  A hobgoblin (D)
  4 jackals (D)
  5 kobolds (D)
  A ball python (D)
  A ball python zombie (D)
  2 frilled lizards (D)
  2 rats (D)
67 creatures vanquished.

Notes
Turn   | Place    | Note
-------+----------+-------------------------------------------
     0 | D        | mhtbhm the Deep Elf Earth Elementalist began the quest for
                  | the Orb.
     0 | D        | Reached XP level 1. HP: 10/10 MP: 6/6
    20 | D        | Found a bloodstained altar of Trog.
    20 | D        | Found a shimmering blue altar of Sif Muna.
    20 | D        | Found a viscous altar of Jiyva.
    20 | D        | Found a hazy altar of Hepliaklqana.
    20 | D        | Found an opulent altar of Gozag.
    21 | D        | Found a glowing golden altar of the Shining One.
    21 | D        | Found a glowing silver altar of Zin.
    21 | D        | Found a basalt altar of Yredelemnul.
    21 | D        | Found a shimmering altar of Xom.
    21 | D        | Found an ornate altar of the Wu Jian Council.
    21 | D        | Found a sacrificial altar of Ru.
    21 | D        | Found a stormy altar of Qazlal.
    21 | D        | Found an iron altar of Okawaru.
    21 | D        | Found a sparkling altar of Nemelex Xobeh.
    21 | D        | Found a burning altar of Makhleb.
    21 | D        | Found a blossoming altar of Fedhas.
    21 | D        | Found a white marble altar of Elyvilon.
    21 | D        | Found a shadowy altar of Dithmenos.
    21 | D        | Found a snail-covered altar of Cheibriados.
    23 | D        | Found a radiant altar of Vehumet.
    23 | D        | Found a corrupted altar of Lugonu.
    24 | D        | Found a hide-covered altar of Uskayaw.
    24 | D        | Found an ancient bone altar of Kikubaaqudgha.
    24 | D        | Found a broken altar of Ashenzari.
    31 | D        | Became a worshipper of Vehumet
    81 | D        | Reached XP level 2. HP: 11/15 MP: 3/8
   265 | D        | Reached * piety under Vehumet
   265 | D        | Offered knowledge of Magic Dart by Vehumet.
   269 | D        | Reached skill level 4 in Spellcasting
   269 | D        | Reached ** piety under Vehumet
   270 | D        | Reached skill level 5 in Earth Magic
   271 | D        | Reached skill level 5 in Spellcasting
   357 | D        | Noticed a phantom
   362 | D        | Reached *** piety under Vehumet
   375 | D        | Killed a phantom
   376 | D        | Reached skill level 7 in Spellcasting
   376 | D        | Reached XP level 3. HP: 19/19 MP: 9/14
   376 | D        | Reached XP level 4. HP: 24/24 MP: 9/15
   380 | D        | Learned a level 3 spell: Stone Arrow
   542 | D        | Learned a level 4 spell: Petrify
   584 | D        | Noticed a phantom
   592 | D        | Killed a phantom
   592 | D        | Offered knowledge of Static Discharge by Vehumet.
   593 | D        | Reached skill level 1 in Fighting
   593 | D        | Reached skill level 9 in Spellcasting
   593 | D        | Reached XP level 5. HP: 4/29 MP: 4/18
   875 | D        | Learned a level 5 spell: Lee's Rapid Deconstruction
   891 | D        | Offered knowledge of Dazzling Flash by Vehumet.
   913 | D        | Reached **** piety under Vehumet
  1059 | D        | Offered knowledge of Iskenderun's Mystic Blast by Vehumet.
  1093 | D        | Reached ***** piety under Vehumet
  1094 | D        | Reached skill level 10 in Spellcasting
  1094 | D        | Reached skill level 1 in Conjurations
  1094 | D        | Reached XP level 6. HP: 34/34 MP: 15/21
  1095 | D        | Reached skill level 5 in Dodging
  1095 | D        | Reached skill level 11 in Spellcasting
  1095 | D        | Reached skill level 10 in Earth Magic
  1233 | D        | Noticed a demonic crawler
  1233 | D        | Noticed a wyvern
  1237 | D        | Killed a wyvern
  1237 | D        | Offered knowledge of Irradiate by Vehumet.
  1238 | D        | Reached skill level 12 in Spellcasting
  1246 | D        | Killed a demonic crawler
  1247 | D        | Reached skill level 13 in Spellcasting
  1247 | D        | Reached XP level 7. HP: 18/40 MP: 22/26
  1533 | D        | Noticed a merfolk avatar
  1533 | D        | Noticed a lindwurm
  1536 | D        | Offered knowledge of Bolt of Magma by Vehumet.
  1537 | D        | Killed a lindwurm
  1538 | D        | Reached skill level 15 in Spellcasting
  1538 | D        | Reached XP level 8. HP: 45/45 MP: 15/29
  1538 | D        | Killed a merfolk avatar
  1539 | D        | Reached skill level 16 in Spellcasting
  1634 | D        | Noticed a kobold demonologist
  1634 | D        | Noticed a molten gargoyle
  1637 | D        | Reached XP level 9. HP: 49/49 MP: 31/31
  1639 | D        | Noticed an orange demon
  1649 | D        | Noticed a hellwing
  1652 | D        | Killed a molten gargoyle
  1653 | D        | Reached skill level 17 in Spellcasting
  1653 | D        | Reached skill level 15 in Earth Magic
  1654 | D        | Killed a kobold demonologist
  1654 | D        | Reached ****** piety under Vehumet
  1886 | D        | Noticed a sea snake
  1886 | D        | Noticed a kobold demonologist
  1886 | D        | Noticed a hellwing
  1890 | D        | Killed a kobold demonologist
  1891 | D        | Killed a sea snake
  1892 | D        | Reached skill level 18 in Spellcasting
  1893 | D        | Killed a hellwing
  1893 | D        | Offered knowledge of Freezing Cloud by Vehumet.
  1934 | D        | Noticed a black mamba
  1935 | D        | Killed a black mamba
  1936 | D        | Reached XP level 10. HP: 56/56 MP: 22/34
  1964 | D        | Noticed an elephant
  1965 | D        | Noticed a flayed ghost
  1965 | D        | Noticed a black mamba
  1966 | D        | Killed a black mamba
  1967 | D        | Reached skill level 19 in Spellcasting
  1968 | D        | Killed an elephant
  1971 | D        | Killed a flayed ghost
  2093 | D        | Noticed Joseph
  2100 | D        | HP: 1/56 [Joseph/sling bullet (6)]
  2103 | D        | Offered knowledge of Starburst by Vehumet.
  2104 | D        | Killed Joseph
  2105 | D        | Reached skill level 20 in Spellcasting
  2387 | D        | Noticed an anaconda
  2391 | D        | Killed an anaconda
  2391 | D        | Offered knowledge of Ozocubu's Refrigeration by Vehumet.
  2392 | D        | Reached skill level 21 in Spellcasting
  2392 | D        | Reached XP level 11. HP: 60/60 MP: 29/38
  2600 | D        | Noticed a boulder beetle
  2606 | D        | Offered knowledge of Eringya's Noxious Bog by Vehumet.
  2606 | D        | Noticed an orc high priest
  2609 | D        | Slain by a boulder beetle

Illustrated notes

Levels and vault maps discovered:
D:        pitsprint [storerooms_1, entrance_room_1, metal_vault_2, armoury_1,
          mini_pit_1, grid_room_1, main_hall_1, silver_pit, the_coven_2,
          the_vestibule_1, steel_vault_4, golden_pit, hallway_of_sentries,
          crystal_vault_1, iron_vault_4, final_vault]

Skill      XL: |  1  2  3  4  5  6  7  8  9 10 |
---------------+-------------------------------+-----
Earth Magic    | 4 7 8 9 12 13 14 16 18 | 18.9
Dodging        | 3 4 5 6 7 |  7.4
Stealth        | 3 |  3.2
Spellcasting   | 7 9 10 13 15 16 18 21 | 21.4
Fighting       | 1 2 3 |  3.5
Conjurations   | 1 2 3 |  3.1
Transmutations | |  1.7

Action                   |  1- 3 |  4- 6 |  7- 9 | 10-12 || total
-------------------------+-------+-------+-------+-------++-------
Melee: Quarterstaff      |     1 |       |       |       ||     1
 Cast: Sandblast         |    16 |     7 |       |     2 ||    25
       Stone Arrow       |       |     5 |     3 |     1 ||     9
       Lee's Rapid Decon |       |     8 |    15 |    20 ||    43
  Use: Potion            |       |     5 |     6 |     1 ||    12
       Scroll            |       |       |     2 |       ||     2
Armor: Robe              |     1 |     1 |       |     1 ||     3
Dodge: Dodged            |     3 |    18 |     3 |     9 ||    33

Table legend: (Time is in decaauts)
 A = Elapsed time spent in this place.
 B = Non-inter-level travel time spent in this place.
 C = Inter-level travel time spent in this place.
 D = Time resting spent in this place.
 E = Time spent auto-exploring this place.
 F = Levels seen in this place.
 G = Mean time per level.
                   A        B        C        D        E       F      G
               +--------+--------+--------+--------+--------+-----+--------+
         Total |   2606 |   2606 |      0 |   1993 |     60 |   1 | 2606.0 |
       Dungeon |   2606 |   2606 |      0 |   1993 |     60 |   1 | 2606.0 |
               +--------+--------+--------+--------+--------+-----+--------+

Top non-repeatable levels by time:
       D: 2606 daAuts
